[ AOE2 MATCH · #507064745 ]
UnrankedMalians vs Japanese
Player's team · WIN
Rival team · LOSS
[ REPLAY ANALYSIS · EXTRACTED FROM THE RECORDED GAME ]
Feudal
10:08
Castle
22:36
Imperial
44:08
| APM avg | 75.6 |
| APM peak | 142 |
| eAPM avg | 53.5 |
| Villagers / military | 245 / 396 |
Focus
⚔️ 67.1% · 🌾 32.9%
Gbeto ×142 · Scout Cavalry ×82 · Skirmisher ×61 · Hand Cannoneer ×44 · Camel Scout ×22 · Archer ×17
Feudal
8:51
Castle
19:09
Imperial
37:12
| APM avg | 87.3 |
| APM peak | 124 |
| eAPM avg | 47.8 |
| Villagers / military | 237 / 386 |
Focus
⚔️ 32.4% · 🌾 67.6%
Militia ×108 · Knight ×67 · Scout Cavalry ×58 · Spearman ×43 · Scorpion ×29 · Cavalry Archer ×24
Match map
Initial resources + every placement click. Lines = walls · curves = elevation contours. ◆ gold · ⬟ stone · ● berries · ✦ relic · ◌ wall gap
Your base· ✓ Closed at 22:36 · 30t walls · no gate
Billy Pilgrim's base· Open — 3t gap
Smoothed initial terrain · ◌ = detected wall gap · hover for details
Inputs per minute
— KIV.YourAddHere - - Billy Pilgrim
Build order — KIV.YourAddHere
First 150 of 596 actions detected
| 0:00 | Create | Villager (Male) |
| 0:02 | Build | House |
| 0:03 | Build | House |
| 0:10 | Create | Villager (Male) ×3 |
| 0:10 | Create | Villager (Male) ×3 |
| 1:38 | Create | Villager (Male) |
| 1:38 | Create | Villager (Male) |
| 2:06 | Build | Barracks |
| 2:08 | Create | Villager (Male) |
| 2:09 | Create | Villager (Male) |
| 2:09 | Create | Villager (Male) |
| 2:17 | Build | House |
| 2:38 | Create | Villager (Male) |
| 2:38 | Create | Villager (Male) |
| 2:38 | Create | Villager (Male) |
| 2:55 | Create | Villager (Male) |
| 2:56 | Create | Villager (Male) |
| 3:11 | Create | Militia |
| 3:30 | Create | Villager (Male) |
| 3:31 | Create | Militia |
| 3:56 | Create | Villager (Male) |
| 4:16 | Create | Villager (Male) |
| 4:21 | Create | Militia |
| 4:23 | Create | Villager (Male) |
| 4:23 | Create | Villager (Male) |
| 5:14 | Create | Villager (Male) |
| 5:14 | Create | Villager (Male) |
| 5:14 | Create | Villager (Male) |
| 5:14 | Create | Villager (Male) |
| 5:15 | Create | Villager (Male) |
| 5:46 | Create | Villager (Male) ×3 |
| 6:03 | Build | House |
| 6:06 | Research | Loom |
| 6:15 | Build | House |
| 6:28 | Create | Villager (Male) |
| 6:32 | Create | Villager (Male) |
| 6:38 | Build | Mill |
| 6:40 | Create | Villager (Male) |
| 6:51 | Create | Villager (Male) |
| 7:58 | Research | Feudal Age |
| 8:03 | Build | Lumber Camp |
| 8:30 | Create | Villager (Male) |
| 9:10 | Build | Mining Camp |
| 9:23 | Create | Villager (Male) |
| 9:34 | Build | House |
| 9:34 | Build | Palisade Wall |
| 10:08 | Age | Feudal Age |
| 10:11 | Research | Man-at-Arms (upgrade) |
| 10:15 | Create | Villager (Male) |
| 10:20 | Build | Archery Range |
| 10:25 | Create | Villager (Male) |
| 10:26 | Research | Double-Bit Axe |
| 10:48 | Create | Villager (Male) |
| 11:00 | Build | Farm |
| 11:06 | Create | Archer |
| 11:06 | Create | Skirmisher |
| 11:08 | Build | House |
| 11:10 | Build | House |
| 11:11 | Build | Palisade Wall |
| 11:25 | Create | Villager (Male) |
| 11:33 | Create | Villager (Male) |
| 11:36 | Build | Farm |
| 11:42 | Create | Skirmisher |
| 11:59 | Build | Farm |
| 12:18 | Create | Skirmisher |
| 12:25 | Create | Villager (Male) |
| 12:30 | Create | Skirmisher |
| 12:48 | Create | Villager (Male) |
| 12:51 | Build | Farm |
| 12:54 | Build | Farm |
| 13:04 | Build | House |
| 13:05 | Build | House |
| 13:06 | Build | Palisade Wall |
| 13:18 | Create | Villager (Male) |
| 13:28 | Build | Farm |
| 13:31 | Build | Blacksmith |
| 14:00 | Create | Archer |
| 14:34 | Create | Villager (Male) |
| 14:35 | Create | Skirmisher |
| 14:36 | Create | Archer |
| 14:36 | Create | Villager (Male) ×3 |
| 14:38 | Build | House |
| 14:42 | Build | Lumber Camp |
| 15:10 | Create | Villager (Male) |
| 15:15 | Research | Fletching |
| 15:18 | Build | House |
| 15:19 | Build | House |
| 15:20 | Build | Palisade Wall |
| 15:26 | Build | Archery Range |
| 15:31 | Create | Villager (Male) |
| 15:32 | Build | Farm |
| 15:38 | Create | Skirmisher |
| 15:40 | Create | Villager (Male) |
| 15:46 | Build | House |
| 15:49 | Build | Farm |
| 15:53 | Build | Farm |
| 15:54 | Build | Farm |
| 15:55 | Build | Farm |
| 16:17 | Build | Farm |
| 16:21 | Create | Skirmisher |
| 16:21 | Create | Skirmisher |
| 16:32 | Create | Villager (Male) |
| 16:33 | Build | Farm |
| 16:35 | Build | Palisade Wall |
| 16:55 | Create | Villager (Male) |
| 16:59 | Build | Farm |
| 17:00 | Build | Farm |
| 17:01 | Build | Farm |
| 17:07 | Create | Villager (Male) |
| 17:25 | Create | Skirmisher |
| 17:25 | Create | Skirmisher |
| 17:27 | Build | Market |
| 17:31 | Create | Villager (Male) |
| 17:36 | Build | House |
| 17:38 | Build | House |
| 17:39 | Build | House |
| 18:06 | Research | Wheelbarrow |
| 18:13 | Build | Farm |
| 18:14 | Build | Farm |
| 18:16 | Build | Farm |
| 18:23 | Build | Farm |
| 19:56 | Research | Castle Age |
| 19:56 | Research | Castle Age |
| 19:57 | Research | Castle Age |
| 20:01 | Build | Stable |
| 20:03 | Build | Palisade Wall |
| 20:06 | Create | Archer |
| 20:06 | Create | Archer |
| 20:29 | Research | Horse Collar |
| 20:29 | Research | Horse Collar |
| 20:34 | Research | Gold Mining |
| 20:51 | Create | Archer |
| 20:51 | Create | Archer |
| 21:12 | Create | Archer |
| 21:13 | Create | Archer |
| 21:21 | Create | Scout Cavalry |
| 21:22 | Create | Archer |
| 21:22 | Create | Archer |
| 21:26 | Create | Archer |
| 21:26 | Create | Archer |
| 21:27 | Create | Archer |
| 21:55 | Create | Archer |
| 21:55 | Create | Archer |
| 22:11 | Create | Skirmisher |
| 22:11 | Create | Skirmisher |
| 22:22 | Create | Skirmisher |
| 22:22 | Create | Skirmisher |
| 22:33 | Build | Farm |
| 22:35 | Create | Skirmisher |
| 22:36 | Age | Castle Age |
Build order — Billy Pilgrim
First 150 of 719 actions detected
| 0:01 | Create | Villager (Male) |
| 0:01 | Create | Villager (Male) |
| 0:01 | Create | Villager (Male) |
| 0:02 | Build | House |
| 0:02 | Build | House |
| 0:14 | Create | Villager (Male) |
| 1:29 | Create | Villager (Male) |
| 1:54 | Build | Lumber Camp |
| 2:04 | Create | Villager (Male) |
| 2:24 | Create | Villager (Male) |
| 2:24 | Create | Villager (Male) |
| 2:33 | Build | Mill |
| 2:41 | Build | House |
| 2:42 | Build | House |
| 2:46 | Build | House |
| 2:47 | Build | House |
| 2:55 | Create | Villager (Male) |
| 2:55 | Create | Villager (Male) |
| 3:34 | Create | Villager (Male) |
| 3:34 | Create | Villager (Male) |
| 4:05 | Create | Villager (Male) |
| 4:05 | Create | Villager (Male) |
| 4:05 | Create | Villager (Male) |
| 4:05 | Create | Villager (Male) |
| 5:05 | Create | Villager (Male) |
| 5:22 | Create | Villager (Male) |
| 5:35 | Create | Villager (Male) |
| 5:39 | Create | Villager (Male) |
| 5:44 | Research | Loom |
| 5:48 | Create | Villager (Male) |
| 6:02 | Create | Villager (Male) |
| 6:07 | Create | Villager (Male) |
| 6:32 | Create | Villager (Male) |
| 6:38 | Research | Feudal Age |
| 6:47 | Create | Villager (Male) |
| 7:14 | Build | Barracks |
| 7:16 | Build | House |
| 7:45 | Create | Villager (Male) |
| 7:57 | Create | Villager (Male) |
| 8:03 | Create | Villager (Male) |
| 8:16 | Create | Villager (Male) |
| 8:28 | Create | Villager (Male) |
| 8:51 | Age | Feudal Age |
| 8:55 | Build | Archery Range |
| 8:57 | Create | Villager (Male) |
| 9:00 | Create | Villager (Male) |
| 9:04 | Research | Double-Bit Axe |
| 9:04 | Research | Double-Bit Axe |
| 9:06 | Research | Horse Collar |
| 9:17 | Create | Villager (Male) |
| 9:27 | Create | Villager (Male) |
| 9:30 | Create | Villager (Male) |
| 9:31 | Create | Spearman |
| 9:42 | Build | House |
| 9:43 | Build | House |
| 9:59 | Create | Villager (Male) |
| 10:00 | Create | Archer |
| 10:01 | Create | Skirmisher |
| 10:03 | Build | Farm |
| 10:05 | Build | Farm |
| 10:08 | Build | Farm |
| 10:17 | Create | Skirmisher |
| 10:32 | Create | Villager (Male) |
| 10:55 | Build | Farm |
| 10:57 | Build | Farm |
| 10:58 | Build | Farm |
| 11:02 | Create | Villager (Male) |
| 11:17 | Build | Farm |
| 11:19 | Build | Farm |
| 11:27 | Create | Villager (Male) |
| 11:35 | Build | Farm |
| 11:50 | Create | Villager (Male) |
| 11:52 | Build | Farm |
| 12:02 | Create | Skirmisher |
| 12:07 | Create | Villager (Male) |
| 12:15 | Create | Villager (Male) |
| 12:19 | Research | Town Watch |
| 12:19 | Research | Town Watch |
| 12:23 | Create | Skirmisher |
| 12:25 | Create | Villager (Male) |
| 12:31 | Build | Farm |
| 12:33 | Create | Villager (Male) |
| 12:43 | Create | Skirmisher |
| 12:46 | Create | Villager (Male) |
| 12:49 | Create | Villager (Male) |
| 12:54 | Build | Farm |
| 12:58 | Create | Villager (Male) |
| 13:02 | Create | Villager (Male) |
| 13:13 | Build | House |
| 13:13 | Build | House |
| 13:16 | Create | Villager (Male) |
| 13:30 | Create | Skirmisher |
| 13:40 | Create | Villager (Male) |
| 14:10 | Create | Skirmisher |
| 14:10 | Create | Skirmisher |
| 14:11 | Create | Villager (Male) |
| 14:15 | Build | Mining Camp |
| 14:16 | Create | Villager (Male) |
| 14:21 | Create | Villager (Male) |
| 14:28 | Create | Villager (Male) |
| 14:32 | Create | Skirmisher |
| 14:45 | Create | Villager (Male) |
| 14:47 | Create | Villager (Male) |
| 14:50 | Create | Villager (Male) |
| 15:01 | Create | Villager (Male) |
| 15:03 | Create | Villager (Male) |
| 15:12 | Create | Skirmisher |
| 15:13 | Create | Villager (Male) |
| 15:32 | Build | Blacksmith |
| 15:37 | Create | Villager (Male) |
| 15:40 | Create | Villager (Male) |
| 15:48 | Build | House |
| 15:48 | Build | House |
| 15:50 | Build | House |
| 16:01 | Create | Villager (Male) |
| 16:07 | Create | Villager (Male) |
| 16:27 | Research | Castle Age |
| 16:33 | Build | Lumber Camp |
| 16:41 | Build | House |
| 16:42 | Build | House |
| 16:46 | Create | Villager (Male) |
| 16:48 | Create | Skirmisher |
| 16:48 | Create | Skirmisher |
| 16:54 | Research | Gold Mining |
| 16:54 | Research | Gold Mining |
| 17:10 | Research | Fletching |
| 17:10 | Research | Fletching |
| 17:20 | Create | Skirmisher |
| 17:28 | Create | Villager (Male) |
| 17:36 | Create | Villager (Male) |
| 17:44 | Build | Archery Range |
| 17:46 | Build | House |
| 17:48 | Build | Palisade Wall |
| 17:50 | Create | Villager (Male) |
| 17:55 | Build | Palisade Wall |
| 18:02 | Build | Palisade Wall |
| 18:05 | Create | Villager (Male) |
| 18:12 | Research | Padded Archer Armor |
| 18:17 | Create | Villager (Male) |
| 18:26 | Build | Gate |
| 18:30 | Create | Villager (Male) |
| 18:35 | Create | Villager (Male) |
| 18:39 | Build | Stable |
| 18:46 | Create | Skirmisher |
| 19:01 | Create | Villager (Male) |
| 19:09 | Age | Castle Age |
| 19:12 | Create | Cavalry Archer |
| 19:13 | Create | Cavalry Archer |
| 19:14 | Research | Bodkin Arrow |
| 19:26 | Create | Villager (Male) |
Match timeline
| 2:06 | KIV.YourAddHere · first_building Barracks |
| 7:14 | Billy Pilgrim · first_building Barracks |
| 8:51 | Billy Pilgrim · age_up feudal |
| 8:55 | Billy Pilgrim · first_building Archery Range |
| 9:34 | KIV.YourAddHere · wall_segment Palisade Wall x1 |
| 10:08 | KIV.YourAddHere · age_up feudal |
| 10:20 | KIV.YourAddHere · first_building Archery Range |
| 11:11 | KIV.YourAddHere · wall_segment Palisade Wall x4 |
| 13:06 | KIV.YourAddHere · wall_segment Palisade Wall x5 |
| 15:20 | KIV.YourAddHere · wall_segment Palisade Wall x11 |
| 16:35 | KIV.YourAddHere · wall_segment Palisade Wall x1 |
| 17:48 | Billy Pilgrim · wall_segment Palisade Wall x7 |
| 17:55 | Billy Pilgrim · wall_segment Palisade Wall x9 |
| 18:02 | Billy Pilgrim · wall_segment Palisade Wall x10 |
| 18:29 | KIV.YourAddHere · first_market_sell 500 stone |
| 18:39 | Billy Pilgrim · first_building Stable |
| 19:09 | Billy Pilgrim · age_up castle |
| 19:37 | Billy Pilgrim · wall_segment Palisade Wall x11 |
| 19:45 | KIV.YourAddHere · first_market_buy 100 food |
| 20:01 | KIV.YourAddHere · first_building Stable |
| 20:03 | KIV.YourAddHere · wall_segment Palisade Wall x8 |
| 20:33 | Billy Pilgrim · wall_segment Palisade Wall x13 |
| 20:36 | Billy Pilgrim · wall_segment Palisade Wall x8 |
| 22:36 | KIV.YourAddHere · age_up castle |
| 22:37 | Billy Pilgrim · first_building Monastery |
| 28:28 | KIV.YourAddHere · first_building Monastery |
| 29:46 | Billy Pilgrim · first_building Siege Workshop |
| 30:30 | KIV.YourAddHere · wall_segment Palisade Wall x1 |
| 30:56 | KIV.YourAddHere · first_building Castle |
| 33:21 | KIV.YourAddHere · first_building Siege Workshop |
| 35:17 | Billy Pilgrim · wall_segment Palisade Wall x1 |
| 35:26 | Billy Pilgrim · first_market_sell 500 wood |
| 35:27 | Billy Pilgrim · first_market_buy 500 stone |
| 35:58 | Billy Pilgrim · first_building Castle |
| 37:12 | Billy Pilgrim · age_up imperial |
| 44:08 | KIV.YourAddHere · age_up imperial |
| 55:43 | Billy Pilgrim · resign |
[ AI ANALYSIS · 1 CREDIT ]
What really happened in this match?
Wolo.gg analyzes every decision: build order, eco, micro, common mistakes by bracket. Personalized analysis on WhatsApp or Discord in 30 seconds.
Civ guide
Malians
Perfil
Jugador #389780